[Event "December 19 Early 2023"]
[Site "https://www.chess.com"]
[Date "2023.12.19"]
[Round "7"]
[White "Mitrabha, Guha"]
[Black "Mamedyarov, Shakhriyar"]
[Result "1/2-1/2"]
[Board "8"]
[TimeControl "180+1"]
[WhiteFideId "5057000"]
[BlackFideId "13401319"]
[WhiteElo "2512"]
[BlackElo "2716"]
[WhiteTeam "IND"]
[BlackTeam "AZE"]
[WhiteClock "0:00:07"]
[BlackClock "0:00:07"]

1. Nf3 Nf6 2. g3 g6 3. Bg2 Bg7 4. c4 O-O 5. Nc3 d6 6. O-O e5 7. d3 Nc6 8. Rb1 a5 9. a3 Re8 10. b4 axb4 11. axb4 e4 12. Nxe4 Nxe4 13. dxe4 Rxe4 14. Nd2 Re8 15. Bb2 Bxb2 16. Rxb2 Qf6 17. Rb1 Bf5 18. e4 Be6 19. Qc2 Ra3 20. Qb2 Qxb2 21. Rxb2 Rc3 22. c5 dxc5 23. bxc5 Rd8 24. Nb1 Rxc5 25. Rxb7 Bc4 26. Re1 Nd4 27. h4 Bd3 28. Nd2 Rc2 29. Nb3 Ne2+ 30. Kh2 c5 31. e5 Nd4 32. Nxd4 cxd4 33. e6 fxe6 34. Rxe6 Rxf2 35. Ree7 Bc4 36. Rbd7 Rxd7 37. Rxd7 d3 38. g4 Kf8 39. Kg3 Rb2 40. Be4 d2 41. Bf3 Be6 42. Rd4 Kg7 43. Kf4 h5 44. gxh5 gxh5 45. Ke3 Rb3+ 46. Rd3 Rb4 47. Bxh5 Rxh4 48. Bd1 Rh3+ 49. Kd4 Rxd3+ 50. Kxd3 Bb3 51. Kxd2 1/2-1/2

[Event "December 19 Early 2023"]
[Site "https://www.chess.com"]
[Date "2023.12.19"]
[Round "7"]
[White "Steinberg, Nitzan"]
[Black "Praggnanandhaa R"]
[Result "1/2-1/2"]
[Board "9"]
[TimeControl "180+1"]
[WhiteFideId "2801795"]
[BlackFideId "25059530"]
[WhiteElo "2486"]
[BlackElo "2665"]
[WhiteTeam "ISR"]
[BlackTeam "IND"]
[WhiteClock "0:00:08"]
[BlackClock "0:00:06"]

1. e4 Nc6 2. Nf3 d6 3. d4 Nf6 4. Nc3 g6 5. Bb5 Bd7 6. O-O Bg7 7. Re1 O-O 8. h3 a6 9. Bf1 e5 10. dxe5 dxe5 11. Bg5 h6 12. Bh4 Be6 13. Nd5 g5 14. Nxf6+ Qxf6 15. Bg3 Rad8 16. Qc1 Rd7 17. c3 Rfd8 18. Qe3 Qe7 19. Be2 Qf6 20. b3 Qg6 21. Red1 Bf6 22. Rxd7 Rxd7 23. Rd1 Rxd1+ 24. Bxd1 h5 25. Be2 h4 26. Bh2 g4 27. hxg4 Bxg4 28. Ne1 Be6 29. Kf1 Bg5 30. Qd3 Qh6 31. Nf3 Bf4 32. Bxf4 Qxf4 33. Qe3 Qxe3 34. fxe3 h3 35. g3 Bg4 36. Kg1 f6 37. Kh2 Kg7 38. Ng1 Be6 39. Nxh3 Bxh3 40. Kxh3 Na7 41. Kg4 Nc8 42. c4 Nd6 43. Kf3 c5 44. Bd3 Kg6 45. Kg4 a5 46. Kh4 Kh6 47. Kg4 Kg6 48. Kh4 b6 49. Kg4 Nc8 50. Kh4 Nd6 51. Kg4 Nf7 52. Kh4 Ng5 53. Kg4 Ne6 54. Kh4 Nd8 55. Kg4 Nc6 56. Kh4 Nb4 57. Bb1 Na6 58. Bd3 Nc7 59. Kg4 Ne8 60. Kh4 Ng7 61. Kg4 Ne6 62. Kh4 Ng5 63. Kg4 Nf7 64. Kh4 Nd8 65. Kg4 Nb7 66. Kh4 Nd6 1/2-1/2

[Event "December 19 Early 2023"]
[Site "https://www.chess.com"]
[Date "2023.12.19"]
[Round "7"]
[White "Vokhidov, Shamsiddin"]
[Black "Zakhartsov, Vladimir"]
[Result "1-0"]
[Board "10"]
[TimeControl "180+1"]
[WhiteFideId "14204223"]
[BlackFideId "4145097"]
[WhiteElo "2588"]
[BlackElo "2448"]
[WhiteTeam "UZB"]
[BlackTeam "RUS"]
[WhiteClock "0:00:02"]
[BlackClock "0:00:00"]

1. e4 c5 2. Nf3 d6 3. Bb5+ Bd7 4. c4 g6 5. Bxd7+ Qxd7 6. d4 cxd4 7. Nxd4 Nc6 8. Nc3 Nf6 9. h3 Rc8 10. Be3 Bg7 11. b3 O-O 12. O-O Rfd8 13. Qf3 a6 14. Rac1 Nxd4 15. Bxd4 b5 16. Bxf6 Bxf6 17. Nd5 Bd4 18. Qd3 Ba7 19. cxb5 axb5 20. Rfd1 Kg7 21. Nc3 Rc5 22. b4 Rc4 23. Nxb5 Rxc1 24. Rxc1 Bb6 25. a4 Rb8 26. Qd5 Rc8 27. Rc4 Rb8 28. Rc6 Bd8 29. a5 e6 30. Qxd6 Qxd6 31. Nxd6 Rxb4 32. a6 Bb6 33. g3 Rb2 34. Nc4 Bxf2+ 35. Kg2 Ra2 36. Kf3 Bd4 37. e5 f5 38. exf6+ Kxf6 39. Ke4 Bf2 40. g4 g5 41. Nd6 Ra3 42. Nb5 Ra4+ 43. Kf3 Bg1 44. Nc7 Ke7 45. Nb5 Kf6 46. Nc3 Ra3 47. Ke4 Bf2 48. Nd5+ Kf7 49. Nc7 Ke7 50. Nb5 Re3+ 51. Kd4 Re1+ 52. Kd3 Ra1 53. Rc7+ 1-0

[Event "December 19 Early 2023"]
[Site "https://www.chess.com"]
[Date "2023.12.19"]
[Round "7"]
[White "Drygalov, Sergey"]
[Black "Kovalev, Vladislav"]
[Result "0-1"]
[Board "11"]
[TimeControl "180+1"]
[WhiteFideId "24171743"]
[BlackFideId "13504398"]
[WhiteElo "2504"]
[BlackElo "2539"]
[WhiteTeam "RUS"]
[BlackTeam "FID"]
[WhiteClock "0:00:43"]
[BlackClock "0:01:36"]

1. d4 Nf6 2. c4 g6 3. Nf3 Bg7 4. Nc3 O-O 5. e4 d6 6. Be2 e5 7. O-O exd4 8. Nxd4 Re8 9. f3 Nc6 10. Be3 Nh5 11. Qd2 Nf4 12. Nxc6 Nxe2+ 13. Nxe2 bxc6 14. Bd4 c5 15. Bxg7 Kxg7 16. b3 Qf6 17. Kh1 Bb7 18. Rae1 Re7 19. Ng3 Rae8 20. Qa5 a6 21. Rd1 h5 22. Ne2 h4 23. h3 Qe5 24. Nc3 f5 25. Nd5 Bxd5 26. Rxd5 Qg3 27. Qc3+ Kg8 28. exf5 Re1 29. Rd1 R8e2 30. Rg1 Qxg2# 0-1

[Event "December 19 Early 2023"]
[Site "https://www.chess.com"]
[Date "2023.12.19"]
[Round "7"]
[White "Grandelius, Nils"]
[Black "Livaic, Leon"]
[Result "1-0"]
[Board "12"]
[TimeControl "180+1"]
[WhiteFideId "1710400"]
[BlackFideId "14531534"]
[WhiteElo "2573"]
[BlackElo "2541"]
[WhiteTeam "SWE"]
[BlackTeam "CRO"]
[WhiteClock "0:00:07"]
[BlackClock "0:00:05"]

1. d4 Nf6 2. Nf3 g6 3. g3 Bg7 4. Bg2 O-O 5. O-O d6 6. Re1 d5 7. c4 c6 8. b3 a5 9. Nc3 Ne4 10. Bb2 Bf5 11. Nh4 Nxc3 12. Bxc3 Be6 13. Qd3 Nd7 14. cxd5 cxd5 15. Nf3 Bf5 16. Qb5 Qc7 17. Rec1 Qc6 18. Qxc6 bxc6 19. a4 Rfb8 20. Nd2 e5 21. dxe5 Nxe5 22. Ra2 Ra6 23. Bf1 Ra7 24. Bxe5 Bxe5 25. Rxc6 Rd8 26. e3 Bd6 27. Nf3 Be4 28. Nd4 Be5 29. Rd2 Rc7 30. Rxc7 Bxc7 31. Bg2 Rb8 32. Nb5 Be5 33. Bxe4 dxe4 34. Rd5 f6 35. Rc5 Rd8 36. g4 Rd1+ 37. Kg2 Rb1 38. Rc4 Rxb3 39. Rxe4 Rb2 40. h3 h5 41. gxh5 gxh5 42. Kf3 Kf7 43. Rc4 Kg6 44. Na7 Ra2 45. Nc6 Bc7 46. Ne7+ Kg5 47. Rxc7 Rxa4 48. Rc5+ Kh4 49. Ng6+ Kxh3 50. Rxh5+ Rh4 51. Rxh4# 1-0

[Event "December 19 Early 2023"]
[Site "https://www.chess.com"]
[Date "2023.12.19"]
[Round "7"]
[White "Szpar, Milosz"]
[Black "Galchenko, Matvey"]
[Result "1-0"]
[Board "13"]
[TimeControl "180+1"]
[WhiteFideId "1184989"]
[BlackFideId "24175480"]
[WhiteElo "2446"]
[BlackElo "2424"]
[WhiteTeam "POL"]
[BlackTeam "FID"]
[WhiteClock "0:00:07"]
[BlackClock "0:00:03"]

1. e4 d5 2. exd5 Nf6 3. Bb5+ Bd7 4. Be2 Nxd5 5. d4 g6 6. Nf3 Bg7 7. O-O O-O 8. c4 Nf6 9. h3 Bf5 10. Nc3 Ne4 11. Na4 c5 12. dxc5 Qc7 13. Be3 Na6 14. Qb3 Naxc5 15. Nxc5 Nxc5 16. Qa3 b6 17. Nd4 Bd7 18. b4 Ne6 19. Nxe6 Bxe6 20. Rac1 Rfc8 21. c5 bxc5 22. Rxc5 Qd8 23. Rd1 Qf8 24. Bf3 Rab8 25. Rxc8 Qxc8 26. Bxa7 Rb5 27. Bc5 Bf6 28. Qd3 Rxc5 29. bxc5 Qxc5 30. a4 Qb4 31. Qd8+ Kg7 32. a5 Qa4 33. Qb6 Bc4 34. Rc1 e6 35. Bc6 Qa2 36. Bb5 Bd5 37. Bf1 Bg5 38. Rc7 Bd2 39. a6 Bf4 40. Qd4+ e5 41. Qc3 Kh6 42. a7 e4 43. Rc5 e3 44. fxe3 Bg3 45. Qc2 Qa3 46. Rxd5 Qxe3+ 47. Kh1 Qxa7 48. Qd2+ Kg7 49. Qd4+ Qxd4 50. Rxd4 1-0

[Event "December 19 Early 2023"]
[Site "https://www.chess.com"]
[Date "2023.12.19"]
[Round "7"]
[White "Zhigalko, Sergei"]
[Black "Maksimovic, Bojan"]
[Result "0-1"]
[Board "14"]
[TimeControl "180+1"]
[WhiteFideId "13502956"]
[BlackFideId "14408120"]
[WhiteElo "2616"]
[BlackElo "2527"]
[WhiteTeam "BLR"]
[BlackTeam "BIH"]
[WhiteClock "0:00:00"]
[BlackClock "0:00:15"]

1. e4 a6 2. d4 e6 3. Nf3 d5 4. e5 c5 5. c3 Bd7 6. Bd3 cxd4 7. Nxd4 Nc6 8. Nf3 Qc7 9. Bf4 f6 10. Qe2 g5 11. Bg3 g4 12. exf6 Bd6 13. f7+ Kxf7 14. Ng5+ Ke7 15. Bh4 Ne5 16. Ne4+ Kf7 17. Nxd6+ Qxd6 18. O-O Nxd3 19. Qxd3 Bb5 20. Qd4 e5 21. Qxg4 Bxf1 22. Kxf1 Nf6 23. Qf5 Qe6 24. Qf3 Rhg8 25. Bxf6 Qxf6 26. Qxd5+ Kg7 27. Nd2 Kh8 28. Nf3 Rae8 29. Re1 Qf4 30. Nxe5 Qxh2 0-1

[Event "December 19 Early 2023"]
[Site "https://www.chess.com"]
[Date "2023.12.19"]
[Round "7"]
[White "Finek, Vaclav"]
[Black "Ter-Sahakyan, Samvel"]
[Result "1/2-1/2"]
[Board "15"]
[TimeControl "180+1"]
[WhiteFideId "23718293"]
[BlackFideId "13302531"]
[WhiteElo "2309"]
[BlackElo "2556"]
[WhiteTeam "CZE"]
[BlackTeam "ARM"]
[WhiteClock "0:00:13"]
[BlackClock "0:00:05"]

1. Nf3 d5 2. g3 g6 3. Bg2 Bg7 4. O-O e5 5. d3 Nc6 6. e4 dxe4 7. dxe4 Qxd1 8. Rxd1 Bg4 9. c3 Nf6 10. Re1 h6 11. Nbd2 Be6 12. Nb3 b6 13. h3 O-O 14. Be3 a5 15. Nbd2 Rfd8 16. a4 Ne8 17. Bf1 Nd6 18. g4 Nb8 19. Be2 Nd7 20. Nh2 Kh7 21. Nhf1 Bf6 22. f3 Bh4 23. Red1 Nc5 24. Bxc5 bxc5 25. b3 Rab8 26. c4 Bg5 27. Kf2 Nc8 28. Ne3 Ne7 29. Nd5 Nc6 30. Nf1 Rb7 31. Rd3 Nd4 32. Bd1 c6 33. Nde3 Bc8 34. Ng2 Rbd7 35. h4 Be7 36. Ra2 Ne6 37. Rxd7 Rxd7 38. Rd2 Rd4 39. Ke3 Kg7 40. Be2 Bd6 41. Rd3 Rxd3+ 42. Bxd3 Nf4 43. Nxf4 exf4+ 44. Ke2 h5 45. g5 f6 46. gxf6+ Kxf6 47. Nd2 Ke5 48. Nb1 Be7 49. Na3 Bxh4 50. Nc2 Bf6 51. Ne1 g5 52. Kd2 g4 53. Ke2 Kd4 54. Kd2 Bh4 55. Ng2 Bf2 56. Be2 Be3+ 57. Kc2 Be6 58. Nh4 g3 59. Ng2 Bh3 60. Bf1 Be6 61. Nh4 Ke5 62. Ng2 Kf6 63. Kd3 Bc1 64. Nh4 Kg5 65. Nf5 h4 66. Bh3 Bf7 67. Bg2 Bh5 68. Ke2 Bb2 69. Bh3 Be5 70. Bg2 Bg6 71. Bh3 Bh7 72. Bg2 Kf6 73. Bh3 Bc3 74. Kd3 Be5 75. Bg2 Kg5 76. Bh3 Bg8 77. Bg2 Be6 78. Bh3 Bf6 79. Bg2 Kg6 80. Bh3 Kf7 81. Nd6+ Ke7 82. Nf5+ Kd7 83. Bg2 Bg5 84. Bh3 Kc8 85. Nd6+ Kd7 86. Nf5 Bxf5 87. exf5 Kd6 88. Ke4 Ke7 89. Bg2 Kf6 90. Bh3 Bh6 91. Bg2 Bg5 92. Bh3 Bh6 93. Bg2 Kg5 94. Bh3 Bg7 95. Bg2 Bd4 96. Bh3 Bf6 97. Bg2 Bd4 98. Bh3 Bf6 99. Bg2 Bd4 1/2-1/2

[Event "December 19 Early 2023"]
[Site "https://www.chess.com"]
[Date "2023.12.19"]
[Round "7"]
[White "Baskakov, Egor"]
[Black "Beerdsen, Thomas"]
[Result "0-1"]
[Board "16"]
[TimeControl "180+1"]
[WhiteFideId "24197866"]
[BlackFideId "1030108"]
[WhiteElo "2225"]
[BlackElo "2550"]
[WhiteTeam "RUS"]
[BlackTeam "NED"]
[WhiteClock "0:02:32"]
[BlackClock "0:02:11"]

1. e4 e5 2. Nc3 Nf6 3. g3 d5 4. exd5 Nxd5 5. Bg2 Nxc3 6. bxc3 Bd6 7. d3 O-O 8. Ne2 Nc6 9. Rb1 Bc5 10. O-O Bb6 11. h3 Be6 12. c4 Qd7 13. Kh2 Rad8 14. Be3 Bxe3 15. fxe3 b6 16. Nc3 Ne7 17. Qh5 Nf5 18. Rbe1 g6 19. Qd1 Qe7 20. Nd5 Qg5 21. h4 Qxg3+ 22. Kg1 Bxd5 23. cxd5 Nxe3 0-1

[Event "December 19 Early 2023"]
[Site "https://www.chess.com"]
[Date "2023.12.19"]
[Round "7"]
[White "Rasulov, Vugar"]
[Black "Klimkowski, Jan"]
[Result "1-0"]
[Board "17"]
[TimeControl "180+1"]
[WhiteFideId "13402390"]
[BlackFideId "21856222"]
[WhiteElo "2517"]
[BlackElo "2324"]
[WhiteTeam "AZE"]
[BlackTeam "POL"]
[WhiteClock "0:01:34"]
[BlackClock "0:01:44"]

1. d4 Nf6 2. c4 e6 3. Nf3 d5 4. Nc3 Bb4 5. Bg5 h6 6. Bxf6 Qxf6 7. Qb3 c5 8. cxd5 exd5 9. dxc5 O-O 10. Qxb4 Nc6 11. Qb3 d4 12. Ne4 Qf4 13. Nd6 Be6 14. g3 Qg4 15. Qd3 b6 16. Bg2 bxc5 17. O-O Rad8 18. Nb7 Rd5 19. h3 Qh5 20. g4 Bxg4 21. hxg4 Qxg4 22. Nh2 Qg5 23. f4 Qd8 24. Nxd8 1-0

[Event "December 19 Early 2023"]
[Site "https://www.chess.com"]
[Date "2023.12.19"]
[Round "7"]
[White "Pak, Yevgeniy"]
[Black "Chigaev, Maksim"]
[Result "0-1"]
[Board "18"]
[TimeControl "180+1"]
[WhiteFideId "14201712"]
[BlackFideId "4108116"]
[WhiteElo "2320"]
[BlackElo "2561"]
[WhiteTeam "KAZ"]
[BlackTeam "ESP"]
[WhiteClock "0:01:14"]
[BlackClock "0:01:26"]

1. e4 e5 2. Nf3 Nc6 3. Bb5 a6 4. Ba4 Bc5 5. O-O Nge7 6. Nxe5 Nxe5 7. d4 b5 8. Bb3 Bxd4 9. Qxd4 d6 10. c3 c5 11. Qe3 Be6 12. Bxe6 fxe6 13. f4 Nc4 14. Qg3 O-O 15. b3 Nb6 16. Nd2 Qe8 17. Nf3 Qg6 18. Ng5 h6 19. Nf3 Qxe4 20. Re1 Qd5 21. Bb2 Nf5 22. Qf2 Rae8 23. Rad1 Qc6 24. g4 Ne7 25. Qg3 Nbd5 26. Rxe6 Nxf4 27. Rdxd6 Qxd6 28. Rxd6 Ne2+ 29. Kg2 Nxg3 30. Kxg3 Rf6 31. Rxf6 gxf6 32. c4 Kf7 33. Ba3 b4 34. Bc1 Nc6 35. Bxh6 Re2 36. h4 Rxa2 37. Bf4 Rb2 38. Bd6 Rxb3 39. Bxc5 Ne5 0-1

[Event "December 19 Early 2023"]
[Site "https://www.chess.com"]
[Date "2023.12.19"]
[Round "7"]
[White "Naroditsky, Daniel"]
[Black "Truskavetsky, Alexandr"]
[Result "0-1"]
[Board "19"]
[TimeControl "180+1"]
[WhiteFideId "2026961"]
[BlackFideId "14108577"]
[WhiteElo "2639"]
[BlackElo "2210"]
[WhiteTeam "USA"]
[BlackTeam "RUS"]
[WhiteClock "0:00:02"]
[BlackClock "0:01:27"]

1. e4 c5 2. c3 Nf6 3. e5 Nd5 4. Nf3 g6 5. Bc4 Nb6 6. Bb3 Bg7 7. d4 cxd4 8. Ng5 O-O 9. Qf3 e6 10. cxd4 d6 11. O-O dxe5 12. dxe5 Nc6 13. Nc3 Nxe5 14. Qg3 Bd7 15. Bf4 Nec4 16. Rad1 Nxb2 17. Rd2 N2c4 18. Rd3 Nb2 19. Rf3 Bc6 20. Nce4 N2c4 21. Rd1 Qe7 22. Re1 Rad8 23. h4 h6 24. h5 hxg5 25. Bxg5 f6 26. Bc1 g5 27. Rc3 Ne5 28. Ba3 Qf7 29. Bxf8 Rxf8 30. Nc5 Bd5 31. Bxd5 Nxd5 32. Rb3 b6 33. Ne4 Qxh5 34. Rbb1 Qg6 35. Rbd1 Nf4 36. Nc3 Ned3 37. Re3 f5 38. Nb5 Nb2 39. Rd6 Nc4 40. Rd7 Nxe3 41. Qxe3 Rf7 42. Rd8+ Rf8 43. Rd7 Nd5 44. Qa3 Rf7 45. Rd8+ Kh7 46. Nd6 Re7 47. Qh3+ Qh6 48. Qf3 g4 49. Qd1 Nc3 50. Qd3 Qc1+ 51. Kh2 Be5+ 52. g3 Kg6 53. Rg8+ Kh7 54. Nxf5 exf5 55. Rd8 Ne4 56. Qd5 Nf6 57. Qa8 Rf7 58. Rh8+ Kg7 59. Kg2 Qd1 60. Rd8 Qf3+ 61. Qxf3 gxf3+ 62. Kxf3 Rc7 63. Re8 Rc3+ 64. Kg2 Bd4 65. Rd8 Bc5 66. a4 Rc2 67. g4 Rxf2+ 68. Kg3 Ne4+ 69. Kh3 Ng5+ 70. Kh4 Rh2+ 71. Kg3 Rd2 72. Rc8 Bd6+ 73. Kh4 fxg4 74. Kxg4 Ne6 75. a5 bxa5 76. Kf3 Rd5 77. Rc1 a4 78. Ra1 a3 79. Ra2 Rb5 80. Ke3 Rb2 81. Ra1 a2 82. Kd3 Be5 83. Rg1+ Kf6 84. Ke4 Rg2 85. Rxg2 a1=Q 86. Rf2+ Nf4 87. Kf3 Qd1+ 88. Kg3 Qg1+ 89. Kf3 Qxf2+ 90. Kg4 Qg2+ 91. Kh4 Qg5# 0-1

[Event "December 19 Early 2023"]
[Site "https://www.chess.com"]
[Date "2023.12.19"]
[Round "7"]
[White "Garcia Ramos, Daniel"]
[Black "Bluebaum, Matthias"]
[Result "1-0"]
[Board "20"]
[TimeControl "180+1"]
[WhiteFideId "32010311"]
[BlackFideId "24651516"]
[WhiteElo "2363"]
[BlackElo "2621"]
[WhiteTeam "ESP"]
[BlackTeam "GER"]
[WhiteClock "0:00:15"]
[BlackClock "0:00:20"]

1. Nf3 d5 2. b3 e6 3. Bb2 Nf6 4. g3 Bd6 5. Bg2 O-O 6. O-O Nc6 7. d4 a5 8. a3 b6 9. Nbd2 Bb7 10. Re1 Ne7 11. c4 a4 12. b4 dxc4 13. Nxc4 Ng6 14. Rc1 Qe7 15. Nce5 Rfc8 16. Nc6 Qe8 17. Nfe5 Bxe5 18. dxe5 Nd5 19. Bxd5 exd5 20. Qxd5 Kh8 21. Red1 Ne7 22. Nxe7 Bxd5 23. Nxd5 Rab8 24. e4 c6 25. Nf4 c5 26. e6 fxe6 27. Be5 cxb4 28. axb4 Rxc1 29. Rxc1 a3 30. Rc7 a2 31. Bxg7+ Kg8 32. Be5 Rc8 33. Rg7+ Kf8 34. Rxh7 Rc1+ 35. Kg2 Qc6 36. Ng6+ Ke8 37. Rh8+ Kd7 38. Rh7+ Kc8 39. Ne7+ Kb7 40. Nxc6+ Kxc6 41. Ra7 Rc2 42. h4 Kb5 43. h5 Kxb4 44. h6 Rc5 45. h7 Rxe5 46. h8=Q Ra5 47. Qb2+ Ka4 48. Rxa5+ Kxa5 49. Qxa2+ Kb4 50. Qxe6 Kc3 51. Qd5 Kc2 52. e5 Kc1 53. e6 b5 54. e7 b4 55. e8=Q b3 56. Qe2 b2 57. Qdd1# 1-0

[Event "December 19 Early 2023"]
[Site "https://www.chess.com"]
[Date "2023.12.19"]
[Round "7"]
[White "Suleymanli, Aydin"]
[Black "Yeremyan, Alen"]
[Result "1-0"]
[Board "21"]
[TimeControl "180+1"]
[WhiteFideId "13413937"]
[BlackFideId "13308998"]
[WhiteElo "2553"]
[BlackElo "2160"]
[WhiteTeam "AZE"]
[BlackTeam "ARM"]
[WhiteClock "0:00:33"]
[BlackClock "0:01:17"]

1. e4 Nf6 2. e5 Nd5 3. Nc3 Nb6 4. a4 a5 5. d4 d6 6. Nf3 g6 7. h3 Bg7 8. Bd3 O-O 9. O-O Nc6 10. Re1 dxe5 11. dxe5 Nb4 12. Bg5 Nxd3 13. cxd3 Re8 14. Qd2 Nd5 15. Ne4 Bf5 16. Bh6 Bh8 17. Ng3 Be6 18. Ng5 Qd7 19. h4 b6 20. h5 Nb4 21. d4 Bd5 22. hxg6 hxg6 23. Qd1 Bg7 24. Bxg7 Kxg7 25. e6 Bxe6 26. Nxe6+ fxe6 27. Qg4 Rf8 28. Rxe6 Qe8 29. Rae1 Nd5 30. Qg5 c6 31. Rxe7+ 1-0

[Event "December 19 Early 2023"]
[Site "https://www.chess.com"]
[Date "2023.12.19"]
[Round "7"]
[White "Samunenkov, Ihor"]
[Black "Ivic, Velimir"]
[Result "0-1"]
[Board "22"]
[TimeControl "180+1"]
[WhiteFideId "14187086"]
[BlackFideId "950122"]
[WhiteElo "2473"]
[BlackElo "2542"]
[WhiteTeam "UKR"]
[BlackTeam "SRB"]
[WhiteClock "0:00:00"]
[BlackClock "0:00:30"]

1. d4 Nf6 2. c4 g6 3. Nc3 Bg7 4. e4 d6 5. h3 e5 6. d5 Nbd7 7. g4 Nc5 8. f3 h5 9. g5 Nh7 10. b4 Na6 11. h4 f6 12. Nh3 O-O 13. a3 Bxh3 14. Bxh3 fxg5 15. Be6+ Kh8 16. Ra2 gxh4 17. Rah2 Bf6 18. Bh6 Bg5 19. Bxf8 Qxf8 20. Qe2 Bf4 21. Rg2 Bg3+ 22. Kd1 Ng5 23. Rf1 c5 24. b5 Nc7 25. Qd3 Ncxe6 26. dxe6 Nxe6 27. Ne2 a6 28. b6 Qf6 29. Kc2 Nd4+ 30. Kb1 Nxe2 31. Qxe2 Bf4 32. Rh1 Rf8 33. Qf2 Bg3 34. Qe3 Kg7 35. Rf1 Qf4 36. Qd3 h3 37. Rd2 h2 38. Qxd6 Qxf3 0-1

[Event "December 19 Early 2023"]
[Site "https://www.chess.com"]
[Date "2023.12.19"]
[Round "7"]
[White "Demchenko, Anton"]
[Black "Matinian, Nikita"]
[Result "1/2-1/2"]
[Board "23"]
[TimeControl "180+1"]
[WhiteFideId "4160258"]
[BlackFideId "24129100"]
[WhiteElo "2545"]
[BlackElo "2417"]
[WhiteTeam "SLO"]
[BlackTeam "FID"]
[WhiteClock "0:00:02"]
[BlackClock "0:00:02"]

1. e4 c5 2. Nc3 Nc6 3. Bb5 Nd4 4. a4 a6 5. Bc4 e6 6. d3 Nf6 7. Nf3 Nc6 8. O-O d6 9. d4 cxd4 10. Nxd4 Be7 11. Nxc6 bxc6 12. a5 d5 13. Bd3 O-O 14. Bd2 e5 15. Re1 d4 16. Na4 c5 17. Nb6 Ra7 18. Qe2 Bg4 19. Qf1 Nd7 20. Nd5 Nb8 21. f4 exf4 22. Bxf4 Bh4 23. g3 Bg5 24. h4 Bxf4 25. Qxf4 Be6 26. b4 cxb4 27. Nxb4 Qc8 28. Nd5 Nc6 29. Reb1 Ne7 30. Nxe7+ Rxe7 31. Rb6 Bc4 32. Qd6 Bxd3 33. Qxe7 Bxc2 34. Qd6 Rd8 35. Rc6 Qa8 36. Qe7 d3 37. Rxa6 Qb8 38. Kh2 d2 39. Rb6 Qc8 40. Rc6 Qa8 41. Rxc2 d1=Q 42. Rxd1 Rxd1 43. Rf2 f6 44. Qe6+ Kh8 45. Rc2 Rd8 46. a6 Qa7 47. Kh3 Qg1 48. Rc8 Qh1+ 49. Kg4 Qd1+ 50. Kf4 Qd2+ 51. Kf3 Qd1+ 52. Kf2 Qd2+ 53. Kf3 Qd1+ 54. Kg2 Qe2+ 55. Kh3 Qf1+ 56. Kg4 Qd1+ 57. Kh3 Qf1+ 58. Kg4 Qd1+ 1/2-1/2

[Event "December 19 Early 2023"]
[Site "https://www.chess.com"]
[Date "2023.12.19"]
[Round "7"]
[White "Kukhmazov, Arsen"]
[Black "IM_ArthurDW08"]
[Result "0-1"]
[Board "24"]
[TimeControl "180+1"]
[WhiteFideId "24108260"]
[WhiteElo "2397"]
[BlackElo "2767"]
[WhiteTeam "FID"]
[WhiteClock "0:00:05"]
[BlackClock "0:00:36"]

1. d4 Nf6 2. c4 g6 3. Nf3 Bg7 4. g3 O-O 5. Bg2 d6 6. O-O Bf5 7. Ng5 Nc6 8. e4 Bg4 9. f3 Bd7 10. Be3 Qc8 11. g4 h6 12. Nh3 h5 13. Nf2 hxg4 14. f4 e5 15. fxe5 dxe5 16. d5 Nd4 17. Bxd4 exd4 18. Qxd4 Re8 19. Qd2 Nh5 20. Nc3 Be5 21. Nd3 Bd4+ 22. Kh1 Qd8 23. Ne2 Bg7 24. Nef4 Qg5 25. Qf2 g3 26. Nh3 Bxh3 27. Qxf7+ Kh7 28. Bxh3 Qd2 29. Nf2 Rf8 30. Qxc7 Rxf2 31. hxg3 Rh2+ 32. Kg1 Rxh3 33. Rf2 Qe3 0-1

[Event "December 19 Early 2023"]
[Site "https://www.chess.com"]
[Date "2023.12.19"]
[Round "7"]
[White "Svane, Frederik"]
[Black "Pakleza, Zbigniew"]
[Result "0-1"]
[Board "25"]
[TimeControl "180+1"]
[WhiteFideId "12923044"]
[BlackFideId "1119290"]
[WhiteElo "2502"]
[BlackElo "2410"]
[WhiteTeam "GER"]
[BlackTeam "POL"]
[WhiteClock "0:01:07"]
[BlackClock "0:01:38"]

1. g3 d5 2. Bg2 Nf6 3. f4 c5 4. Nf3 Nc6 5. O-O e6 6. d3 b5 7. Nbd2 Be7 8. e4 O-O 9. c3 a5 10. Qe2 Ba6 11. e5 Nd7 12. Kh1 a4 13. a3 b4 14. axb4 cxb4 15. c4 Nb6 16. g4 Na5 17. cxd5 Nxd5 18. Nc4 Nb3 19. Rxa4 Nxc1 20. Rxc1 Nxf4 21. Qe4 Nxd3 22. Rf1 Nc5 0-1

[Event "December 19 Early 2023"]
[Site "https://www.chess.com"]
[Date "2023.12.19"]
[Round "7"]
[White "Krzyzanowski, Marcin"]
[Black "Mahdavi, Reza"]
[Result "1-0"]
[Board "26"]
[TimeControl "180+1"]
[WhiteFideId "1132199"]
[BlackFideId "12595926"]
[WhiteElo "2471"]
[BlackElo "2426"]
[WhiteTeam "POL"]
[BlackTeam "IRI"]
[WhiteClock "0:00:05"]
[BlackClock "0:00:01"]

1. e4 c5 2. Nf3 d6 3. d4 cxd4 4. Nxd4 Nf6 5. Nc3 a6 6. Be2 e5 7. Nb3 Be7 8. O-O Be6 9. f4 exf4 10. Bxf4 Nc6 11. Qd3 O-O 12. Rad1 Ne5 13. Qg3 Qc7 14. Nd4 Kh8 15. Kh1 b5 16. a3 Rab8 17. Nf5 Bxf5 18. exf5 b4 19. axb4 Rxb4 20. Bc1 Ne4 21. Nxe4 Rxe4 22. Bd3 Rg4 23. Qf2 a5 24. Bf4 Bh4 25. Qe2 Rxf4 26. Rxf4 Bf6 27. Be4 Rb8 28. b3 h6 29. Rff1 Rb4 30. Bd5 a4 31. bxa4 Rxa4 32. c4 Qa7 33. Rb1 Ra2 34. Qe4 Kh7 35. Rb7 Ra1 36. Rxa1 Qxa1+ 37. Qb1 Qd4 38. Bxf7 h5 39. Bg6+ Kh6 40. Rb8 Nd3 41. Rh8+ Kg5 42. Rxh5+ Kf4 43. Qf1+ Ke3 44. Rh3+ Kd2 45. Rf3 Kc3 46. g3 Kxc4 47. Kg2 Kc3 48. Qe1+ Kc2 49. Qe2+ Kc3 50. h4 Qd5 51. Kh3 Qd4 52. g4 Kc4 53. g5 Be5 54. f6 gxf6 55. Bxd3+ Kc5 56. Be4 fxg5 57. Qc2+ Qc4 58. Qxc4+ Kxc4 59. hxg5 1-0

[Event "December 19 Early 2023"]
[Site "https://www.chess.com"]
[Date "2023.12.19"]
[Round "7"]
[White "Haring, Filip"]
[Black "Jones, Gawain C B"]
[Result "0-1"]
[Board "27"]
[TimeControl "180+1"]
[WhiteFideId "14933080"]
[BlackFideId "409561"]
[WhiteElo "2375"]
[BlackElo "2645"]
[WhiteTeam "SVK"]
[BlackTeam "ENG"]
[WhiteClock "0:00:00"]
[BlackClock "0:00:08"]

1. e4 e5 2. Nf3 Nc6 3. Bb5 a6 4. Ba4 Nf6 5. O-O d6 6. d3 g6 7. c3 Bg7 8. h3 O-O 9. Nbd2 Nh5 10. Bb3 Kh8 11. Re1 Qe8 12. Nf1 f5 13. Ng3 f4 14. Nxh5 gxh5 15. d4 Bf6 16. dxe5 dxe5 17. Kh2 Na5 18. Bc2 Be6 19. b4 Rd8 20. Nd2 Nc4 21. Qe2 Nxd2 22. Bxd2 Bc4 23. Qxc4 Rxd2 24. Bb3 Bh4 25. Rad1 Rxf2 26. Rf1 c6 27. Qc5 Re2 28. Bc4 Rxe4 29. Bd3 Re3 30. Qd6 Rg8 31. Qc7 Rg7 32. Qd6 Rxg2+ 33. Kxg2 Qg8+ 34. Bg6 Qxg6+ 35. Qxg6 hxg6 36. Rf3 Re2+ 37. Kf1 Rxa2 38. Rd7 g5 39. Rxb7 e4 0-1

[Event "December 19 Early 2023"]
[Site "https://www.chess.com"]
[Date "2023.12.19"]
[Round "7"]
[White "Arabidze, Meri"]
[Black "Bernadskiy, Vitaliy"]
[Result "1-0"]
[Board "28"]
[TimeControl "180+1"]
[WhiteFideId "13604040"]
[BlackFideId "14100371"]
[WhiteElo "2416"]
[BlackElo "2494"]
[WhiteTeam "GEO"]
[BlackTeam "UKR"]
[WhiteClock "0:00:21"]
[BlackClock "0:00:19"]

1. Nf3 g6 2. c4 a6 3. Nc3 c5 4. g3 b6 5. Bg2 Bb7 6. O-O d6 7. e4 Bg7 8. d4 cxd4 9. Nxd4 Nd7 10. Be3 Rc8 11. Qe2 h5 12. h3 Ne5 13. b3 h4 14. g4 Nf6 15. f4 Nc6 16. Rad1 Nd7 17. Nxc6 Bxc6 18. Nd5 O-O 19. e5 e6 20. Nxb6 Bxg2 21. Qxg2 Nxb6 22. Rxd6 Nd7 23. Rfd1 Rc7 24. Bb6 g5 25. Bxc7 Qxc7 26. Rxd7 Qa5 27. Qd2 Qc5+ 28. Qd4 Qa3 29. f5 Re8 30. f6 Bf8 31. Qd2 Qc5+ 32. Qd4 Qc6 33. Rd8 Rxd8 34. Qxd8 Qc5+ 35. Kg2 Qxe5 36. Qxf8+ 1-0